 Dungeon Crawl Stone Soup version 0.28.0-43-g3370ac3207 (webtiles) character file.

Game seed: 17627358339083198207

366 fknight the Vandal (level 6, -12/52 HPs)
             Began as a Hill Orc Hunter on Mar 4, 2022.
             Mangled by an orc warrior
             ... wielding a +0 war axe
              (13 damage)
             ... on level 6 of the Dungeon.
             The game lasted 00:10:22 (2687 turns).

fknight the Vandal (Hill Orc Hunter)                Turns: 2687, Time: 00:10:23

Health: -12/52     AC: 15    Str: 17    XL:     6   Next: 68%
Magic:  6/6        EV:  7    Int: 11    God:
Gold:   142        SH:  0    Dex: 11    Spells: 5/5 levels left

rFire   . . .      SeeInvis .   c - +2 short sword (protect)
rCold   . . .      Faith    .   (no shield)
rNeg    . . .      Spirit   .   l - +0 chain mail
rPois   .          Reflect  .   (no helmet)
rElec   .          Harm     .   (no cloak)
rCorr   .          Rampage  .   (no gloves)
Will    .....                   (no boots)
Stlth   ..........              (no amulet)
HPRegen 0.17/turn               (no ring)
MPRegen 0.10/turn               (no ring)

@: under a protective aura
A: no striking features
a: no special abilities


You were on level 6 of the Dungeon.
You visited 1 branch of the dungeon, and saw 4 of its levels.

You collected 142 gold pieces.

Inventory:

Hand Weapons
 a - a +1 hunting sling
 b - a +0 whip
 c - a +2 short sword of protection (weapon)
 i - a +0 scythe
 k - a +0 war axe
Missiles
 d - 25 sling bullets
 j - 37 bolts
 n - 3 stones
Armour
 g - a +0 ring mail
 l - a +0 chain mail (worn)
Jewellery
 f - a ring of ice
Scrolls
 e - a scroll of identify
 m - 2 scrolls of magic mapping
 p - a scroll of enchant weapon {unknown}
Potions
 h - 2 potions of curing
 o - a potion of heal wounds {unknown}


   Skills:
 + Level 4.1 Fighting
 + Level 3.1 Axes
 + Level 4.4 Slings
 + Level 2.3 Armour
 + Level 2.7 Dodging
 + Level 2.4 Stealth


You had 5 spell levels left.
You didn't know any spells.
Your spell library contained the following spells:

 Spells                   Type           Power      Damage    Failure   Level
 Foxfire                  Conj/Fire      0%         2x1d4     99%         1
 Magic Dart               Conj           0%         1d3       99%         1
 Searing Ray              Conj           0%         2d4       100%        2
 Conjure Flame            Conj/Fire      0%         6-21      100%        3
 Ignite Poison            Fire/Tmut/Pois 0%         N/A       100%        3
 Inner Flame              Hex/Fire       0%         N/A       100%        3
 Flame Wave               Conj/Fire      0%         2d4       100%        4
 Fulminant Prism          Conj/Hex       0%         3d6       100%        4
 Leda's Liquefaction      Hex/Erth       0%         N/A       100%        4
 Sticky Flame             Conj/Fire      0%         2d3       100%        4
 Lee's Rapid Deconstruct  Erth           0%         3d5*      100%        5
 Statue Form              Tmut/Erth      0%         N/A       100%        6


Dungeon Overview and Level Annotations

Branches:
Dungeon (3/15)

Altars:


Message History

You puncture the scorpion!
The scorpion is heavily wounded.
You feel sick.
The scorpion stings you but does no damage.
You puncture the scorpion!
You kill the scorpion!
You feel sick.
The orc warrior hits you with a +0 war axe.
Your Axes skill increases to level 3!
You hit the orc warrior but do no damage.
You feel sick. The orc barely misses you.
The orc warrior hits you but does no damage.
You hit the orc warrior but do no damage.
You feel sick.
You are no longer poisoned.
The orc hits you but does no damage.
The orc warrior hits you with a +0 war axe.
* * * LOW HITPOINT WARNING * * *
You closely miss the orc warrior. The orc barely misses you.
The orc warrior hits you with a +0 war axe.
* * * LOW HITPOINT WARNING * * *
It was a potion of curing.
You feel better.
The orc hits you from afar with a +0 trident.
* * * LOW HITPOINT WARNING * * *
The orc warrior hits you but does no damage.
You puncture the orc warrior!
The orc warrior is moderately wounded.
The orc hits you but does no damage.
The orc warrior hits you but does no damage.
You closely miss the orc warrior.
The orc warrior is moderately wounded.
The orc hits you but does no damage.
The orc warrior hits you with a +0 war axe!
* * * LOW HITPOINT WARNING * * *
Okay, then.
As you read the scroll labelled TETEC JYURUOT, it crumbles to dust.
It is a scroll of identify.
m - 2 scrolls of magic mapping The orc warrior hits you with a +0 war axe!
You die...

.. .. ..# .. ### ...##.
..# . ....#.# #.## ..
..>.. #..# #... #...
####..# .....
...#.ho#####....##......
.(..(n.o@...............
.$(..#o########.........
(.. #. #...#.#..... . #.
#........### #.
........>.# #.
...........# #.
.............# ..
.............#
##...#.......#


You could see an orc warrior, a necrophage, a hound and 2 orcs.

Vanquished Creatures
  Sigmund (D:3)
  A scorpion (D:6)
  A hound (D:6)
  Natasha (twice) (D:2)
  2 adders (D:2)
  A worm (D:2)
  A dart slug (D:1)
  2 orcs
  4 ball pythons (D:1)
  A bat (D:2)
  4 endoplasms
  3 giant cockroaches
  2 goblins
  5 hobgoblins
  4 kobolds
  2 quokkas
  5 frilled lizards
  3 rats
44 creatures vanquished.

Notes
Turn   | Place    | Note
-------+----------+-------------------------------------------
     0 | D:1      | fknight the Hill Orc Hunter began the quest for the Orb.
     0 | D:1      | Reached XP level 1. HP: 18/18 MP: 1/1
   305 | D:1      | Reached skill level 1 in Stealth
   367 | D:1      | Reached XP level 2. HP: 25/25 MP: 2/2
  1077 | D:1      | Reached XP level 3. HP: 30/30 MP: 3/3
  1192 | D:2      | Found a faded altar of an unknown god.
  1222 | D:2      | Reached skill level 1 in Axes
  1490 | D:2      | Noticed Natasha
  1501 | D:2      | Killed Natasha
  1502 | D:2      | Reached XP level 4. HP: 9/38 MP: 4/4
  1775 | D:2      | Reached skill level 1 in Armour
  2259 | D:2      | Noticed Natasha
  2266 | D:2      | Killed Natasha
  2543 | D:3      | Noticed Sigmund
  2557 | D:3      | Killed Sigmund
  2558 | D:3      | Reached XP level 5. HP: 35/46 MP: 5/5
  2558 | D:3      | Reached XP level 6. HP: 39/52 MP: 6/6
  2635 | D:3      | You fall into a shaft and drop 3 floors!
  2655 | D:6      | Noticed an orc warrior
  2672 | D:6      | Noticed a necrophage
  2686 | D:6      | HP: 1/52 [orc warrior/+0 war axe (10)]
  2687 | D:6      | Mangled by an orc warrior

Illustrated notes

Levels and vault maps discovered:
D:1:      beargit_arrival_diablo_church, layout_loops_ring,
          minmay_split_cup_small
D:2:      layout_basic, shapermc_ecumenical_altar_pompeii,
          hangedman_feature_mirror, uniq_natasha
D:3:      layout_rooms, nicolae_wormholes, uniq_sigmund
D:6:      layout_rooms

Skill      XL: |  1  2  3  4  5  6 |
---------------+-------------------+-----
Stealth        | 1 2 |  2.4
Fighting       | 3 4 |  4.1
Axes           | 1 2 3 |  3.1
Dodging        | 2 |  2.7
Armour         | 2 |  2.3
Slings         | 4 |  4.4

Action                   |  1- 3 |  4- 6 || total
-------------------------+-------+-------++-------
Melee: Short sword       |    24 |    49 ||    73
       War axe           |    30 |     8 ||    38
       Punch             |     1 |       ||     1
 Fire: Hunting sling     |    49 |    21 ||    70
Throw: Dart              |       |     3 ||     3
       Stone             |       |     3 ||     3
  Use: Scroll            |       |     1 ||     1
       Potion            |       |     1 ||     1
Armor: Ring mail         |    15 |       ||    15
       Leather armour    |     1 |       ||     1
       Chain mail        |       |    54 ||    54
Dodge: Dodged            |    30 |    31 ||    61
